 Dungeon Sprint DCSS version 0.29-a0-723-gce39da1c22 (webtiles) character file.

Game seed: 7800838247030993617

4916 manyhoops the Severer (level 10, -14/154 HPs)
             Began as a Minotaur Fighter on June 28, 2022.
             Was a Believer of Trog.
             Succumbed to a death drake's dark miasma
             ... in the Dungeon (Sprint II: "The Violet Keep of Menkaure").
             The game lasted 00:09:26 (1479 turns).

manyhoops the Severer (Minotaur Fighter)            Turns: 1479, Time: 00:09:27

Health: -14/154    AC: 14    Str: 25    XL:     10   Next: 27%
Magic:  9/9        EV: 10    Int:  5    God:    Trog [**....]
Gold:   323        SH:  6    Dex: 10    Spells: 9/9 levels left

rFire   . . .      SeeInvis +   a - +0 war axe (vamp)
rCold   . . .      Faith    .   m - +0 buckler {AC+3}
rNeg    . . .      Spirit   .   b - +0 scale mail
rPois   .          Reflect  .   (helmet restricted)
rElec   .          Harm     .   i - +1 cloak of the Nexus {Rampage SInv}
rCorr   .          Rampage  +   (no gloves)
Will    .....      NoTele   +   (no boots)
Stlth   ..........              (no amulet)
HPRegen 0.35/turn               (no ring)
MPRegen 0.11/turn               (no ring)

@: berserking, lethally poisoned (-14 -> -131), slowed
A: horns 2, retaliatory headbutt
a: Renounce Religion, Berserk, Trog's Hand


You were in the Dungeon.
You worshipped Trog.
Trog was pleased with you.
You visited 1 branch You collected 1218 gold pieces.
You spent 895 gold pieces at shops.

Inventory:

Hand Weapons
 a - a +0 vampiric war axe (weapon)
Missiles
 o - 10 poisoned darts (quivered)
Armour
 b - a +0 scale mail (worn)
 i - the +1 cloak of the Nexus (worn) {Rampage SInv}
   (You bought it in a shop in the Dungeon)

   SInv:      It lets you see invisible.
   Rampage:   It bestows one free step when moving towards enemies.
 m - a +0 buckler of protection (worn)
Scrolls
 c - 3 scrolls of fog
 j - a scroll of blinking
 k - 2 scrolls of magic mapping
 l - 3 scrolls of fear
 p - a scroll of vulnerability
 q - a scroll of enchant armour {unknown}
 r - a scroll of enchant weapon {unknown}
 u - a scroll of amnesia {unknown}
 w - 2 scrolls of poison
Potions
 d - 2 potions of ambrosia
 h - 6 potions of magic
 n - a potion of berserk rage
 s - 3 potions of resistance
 t - a potion of degeneration
 v - 3 potions of flight
 x - a potion of lignification {unknown}


   Skills:
 + Level 14.0 Fighting
 * Level 20.0 Axes
 + Level 11.8 Armour
 + Level 12.1 Shields


You had 9 spell levels left.
You didn't know any spells.
Your spell library was empty.

Dungeon Overview and Level Annotations

Branches:
Dungeon (1/1)

Altars:
Cheibriados
Dithmenos
Elyvilon
Fedhas
Gozag
Hepliaklqana
Kikubaaqudgha
Makhleb
Nemelex Xobeh
Okawaru
Qazlal
Ru
Sif Muna
Trog
Uskayaw
Vehumet
Wu Jian
Xom
Yredelemnul
Zin
The Shining One
Beogh
Jiyva
Lugonu

Shops:
D (:(=![!!(=?(*:[

Annotations:
D exclusions: obsidian statue and oklob plant


Innate Abilities, Weirdness & Mutations

You have a pair of horns on your head.
You reflexively headbutt those who attack you in melee.


Message History

You are too injured to fight recklessly!
Unknown command.
You are too injured to fight recklessly!
Unknown command.
You are too injured to fight recklessly!
Unknown command.
Unknown command.
You are too injured to fight recklessly!
You slash the death drake!
You feel better.
The death drake is lightly wounded.
You are engulfed in dark miasma.
You are lethally poisoned!
You feel as though you will be slow longer.
* * * LOW HITPOINT WARNING * * *
You feel extremely sick. The death drake barely misses you.
You furiously retaliate!
You headbutt the death drake! You closely miss the death drake.
You headbutt the death drake.
The death drake is moderately wounded.
You are engulfed in dark miasma.
You are more poisoned.
You feel as though you will be slow longer.
* * * LOW HITPOINT WARNING * * *
x2 You feel extremely sick.
The death drake bites you.
* * * LOW HITPOINT WARNING * * *
You closely miss the death drake. You headbutt the death drake!
The death drake is heavily wounded.
You are engulfed in dark miasma.
You are more poisoned.
* * * LOW HITPOINT WARNING * * *
x2 You feel extremely sick.
The death drake closely misses you.
Unknown command.
You slash the death drake!
You feel better.
The death drake is heavily wounded.
You are engulfed in dark miasma.
You are more poisoned.
* * * LOW HITPOINT WARNING * * *
You die...

○..,**,≈,,,,,**#.°○▓≈≈≈≈≈≈≈≈▓▓*,,
#+++##***,^,,*,*#"[▓▓▓▓▓▓▓▓▓▓▓*+*
.....#,,+,,,,*,,#[|▓.[......▓▓,,,
+##..#,,***#.*,.#[)▓.|.)...)▓▓,⌠,
#.##,####,,+.##(#})▓........▓▓,,,
##.#,...#,,*...####▓[..(..:|▓▓,,,
#.####..##**#.k##.#▓..)([.[)▓▓,,,
'###.##..#,,+.°#..#▓.)...().▓▓,,,
.###..#..#,,#.☼#@.#▓..:...[)▓▓,⌠,
<.'.##'..####.°##k#▓..).....▓▓,,,
.###..#....###^○.##▓▓▓▓▓▓▓†▓▓▓▓+▓
'###.##......≈≈≈≈°≈≈≈≈≈≈≈†...≈≈≈▓
..####≈≈.§.§.≈#'########+###.≈≈≈▓
#..#≈≈≈≈§≈≈§.§#..._._._#≈≈≈##≈≈≈▓
..##≈≈≈§≈§§≈§≈#_._._._.#≈≈§≈####▓
+##≈≈≈≈≈§≈§≈≈≈#._._._._#≈≈§§≈##,,
≈≈≈≈≈≈§§≈≈§≈§≈#_._._._.#≈≈§≈≈§#,,


You could see a death drake.

Vanquished Creatures
  A kraken (D)
  A crystal guardian (D)
  A death drake (D)
  A merfolk siren (D)
  A yaktaur (D)
  3 polar bears (D)
  A hornet (D)
  2 wyverns (D)
  Menkaure (D)
  4 water moccasins (D)
  A swamp drake (D)
  4 scorpions (D)
  4 necrophages (D)
  4 tentacles (D)
29 creatures vanquished.

Vanquished Creatures (others)
  A water moccasin (D)
  3 tentacles (D)
4 creatures vanquished.

Grand Total: 33 creatures vanquished

Notes
Turn   | Place    | Note
-------+----------+-------------------------------------------
     0 | D        | manyhoops the Minotaur Fighter began the quest for the Orb.
     0 | D        | Reached XP level 1. HP: 19/19 MP: 0/0
     1 | D        | Noticed a scorpion
     1 | D        | Noticed a scorpion
     8 | D        | Killed a scorpion
     9 | D        | Reached skill level 3 in Axes
     9 | D        | Reached skill level 5 in Shields
     9 | D        | Reached XP level 2. HP: 30/30 MP: 1/1
     9 | D        | Reached XP level 3. HP: 37/37 MP: 2/2
    13 | D        | Killed a scorpion
    14 | D        | Reached skill level 4 in Axes
    14 | D        | Reached XP level 4. HP: 47/47 MP: 3/3
    28 | D        | Killed a water moccasin
    60 | D        | Noticed Menkaure
    61 | D        | Noticed a scorpion
    61 | D        | Noticed a scorpion
    80 | D        | Killed a scorpion
    81 | D        | Reached skill level 5 in Axes
    81 | D        | Reached XP level 5. HP: 52/53 MP: 4/4
    81 | D        | Killed Menkaure
   109 | D        | Noticed a wyvern
   109 | D        | Noticed a wyvern
   113 | D        | Killed a wyvern
   114 | D        | Reached skill level 7 in Axes
   114 | D        | Reached XP level 6. HP: 52/66 MP: 5/5
   116 | D        | Killed a wyvern
   117 | D        | Reached skill level 10 in Fighting
   117 | D        | Reached skill level 9 in Axes
   214 | D        | Noticed an obsidian statue
   216 | D        | Noticed a water moccasin
   224 | D        | Killed a water moccasin
   225 | D        | Reached XP level 7. HP: 49/73 MP: 6/6
   377 | D        | Reached skill level 10 in Axes
   377 | D        | Reached skill level 10 in Armour
   377 | D        | Reached skill level 10 in Shields
   383 | D        | Reached skill level 11 in Axes
   475 | D        | Found Pimysid's General Store.
   475 | D        | Found Ipti's Antique Armour Emporium.
   475 | D        | Found Zer Popp's Antique Weapon Shoppe.
   475 | D        | Found Warghaemp's Book Shoppe.
   475 | D        | Found Ceut's Magic Scroll Emporium.
   476 | D        | Found Odunupul's Antique Weapon Shoppe.
   476 | D        | Found Veac's Distillery.
   476 | D        | Found Woucw's Distillery.
   481 | D        | Found Oxudoamyok's Antique Armour Shoppe.
   481 | D        | Found Dinux's Distillery.
   482 | D        | Found Cockef's Jewellery Emporium.
   483 | D        | Found Riokirph's Jewellery Shoppe.
   483 | D        | Found Tuapriav's Antique Weapon Emporium.
   483 | D        | Noticed an oklob plant
   484 | D        | Found Inkel's Antique Weapon Shoppe.
   484 | D        | Found Hasy's Book Shoppe.
   488 | D        | Noticed a redback
   489 | D        | Noticed a redback
   491 | D        | Noticed a manticore
   492 | D        | Noticed a manticore
   494 | D        | Noticed a manticore
   502 | D        | Bought a spiked cloak for 180 gold pieces
   502 | D        | Identified the +1 cloak of the Nexus {Rampage SInv} (You
                  | bought it in a shop in the Dungeon)
   509 | D        | Bought a potion of flight for 36 gold pieces
   514 | D        | Bought a scroll of fear for 35 gold pieces
   514 | D        | Bought a scroll of brand weapon for 200 gold pieces
   519 | D        | Bought a shiny buckler for 210 gold pieces
   549 | D        | Noticed a merfolk siren
   560 | D        | Killed a merfolk siren
   561 | D        | Reached skill level 13 in Axes
   561 | D        | Reached XP level 8. HP: 82/82 MP: 7/7
   581 | D        | Bought a scroll of fog for 24 gold pieces
   585 | D        | Bought a scroll of fear for 35 gold pieces
   585 | D        | Bought a scroll of fog for 20 gold pieces
   585 | D        | Bought a scroll of magic mapping for 35 gold pieces
   587 | D        | Bought 2 potions of berserk rage for 120 gold pieces
   609 | D        | Noticed a flying skull
   609 | D        | Noticed a flying skull
   609 | D        | Noticed a flying skull
   609 | D        | Noticed a flying skull
   609 | D        | Noticed a flying skull
   609 | D        | Noticed a flying skull
   609 | D        | Noticed a flying skull
   610 | D        | Noticed a flying skull
   610 | D        | Noticed a flying skull
   611 | D        | Noticed a flying skull
   611 | D        | Noticed a flying skull
   614 | D        | Noticed a flying skull
   699 | D        | Found a glowing golden altar of the Shining One.
   699 | D        | Found an ornate altar of the Wu Jian Council.
   701 | D        | Found a stormy altar of Qazlal.
   704 | D        | Found a shimmering altar of Xom.
   704 | D        | Found a sacrificial altar of Ru.
   704 | D        | Found a hazy altar of Hepliaklqana.
   705 | D        | Found a basalt altar of Yredelemnul.
   705 | D        | Found a shimmering blue altar of Sif Muna.
   705 | D        | Found a viscous altar of Jiyva.
   706 | D        | Found a glowing silver altar of Zin.
   706 | D        | Found a bloodstained altar of Trog.
   706 | D        | Found an ancient bone altar of Kikubaaqudgha.
   706 | D        | Found a snail-covered altar of Cheibriados.
   708 | D        | Found a hide-covered altar of Uskayaw.
   708 | D        | Found a corrupted altar of Lugonu.
   708 | D        | Found a shadowy altar of Dithmenos.
   709 | D        | Found a radiant altar of Vehumet.
   709 | D        | Found a burning altar of Makhleb.
   709 | D        | Found a white marble altar of Elyvilon.
   710 | D        | Found a sparkling altar of Nemelex Xobeh.
   710 | D        | Found a blossoming altar of Fedhas.
   711 | D        | Found an iron altar of Okawaru.
   711 | D        | Found an opulent altar of Gozag.
   712 | D        | Noticed a yaktaur
   712 | D        | Noticed a hornet
   712 | D        | Noticed a polar bear
   712 | D        | Noticed a polar bear
   712 | D        | Noticed a polar bear
   716 | D        | Killed a polar bear
   720 | D        | Killed a polar bear
   721 | D        | Reached skill level 14 in Axes
   723 | D        | Killed a polar bear
   724 | D        | Reached skill level 15 in Axes
   725 | D        | Killed a hornet
   726 | D        | Reached XP level 9. HP: 90/90 MP: 8/8
   728 | D        | Killed a yaktaur
   729 | D        | Reached skill level 16 in Axes
   750 | D        | Became a worshipper of Trog the Wrathful
   766 | D        | Noticed a kraken
   920 | D        | Killed a kraken
   921 | D        | Reached skill level 18 in Axes
  1088 | D        | Reached * piety under Trog
  1130 | D        | Noticed a crystal guardian
  1133 | D        | Noticed a death drake
  1136 | D        | Noticed a death drake
  1156 | D        | Killed a crystal guardian
  1156 | D        | Reached ** piety under Trog
  1157 | D        | Reached skill level 19 in Axes
  1157 | D        | Reached XP level 10. HP: 47/102 MP: 9/9
  1408 | D        | Killed a death drake
  1409 | D        | Reached skill level 20 in Axes
  1478 | D        | HP: 2/154 [poisoned by a death drake (dark miasma)]
  1479 | D        | Succumbed to a death drake's dark miasma

Illustrated notes

Levels and vault maps discovered:
D:        the_violet_keep_of_menkaure [sprint2_stairs_cluster_1,
          sprint2_shoproom, sprint2_temple, sprint2_basic_supplies,
          sprint2_obstacle_1, sprint2_obstacle_4, sprint2_obstacle_3,
          sprint2_obstacle_7, sprint2_obstacle_6, sprint2_timed_cluster_1,
          sprint2_smallroom_cluster_1, sprint2_smallroom_final_cluster_1,
          sprint2_transparent_cluster_1, sprint2_second_timed_cluster_1,
          sprint2_sniper_area_1, sprint2_heavy_combat_area_1,
          sprint2_mutation_trap_area_1, sprint2_forest_area_1,
          sprint2_light_combat_area_1, sprint2_behind_water_1,
          sprint2_near_end_vault_1]

Skill      XL: |  1  2  3  4  5  6  7  8  9 10 |
---------------+-------------------------------+-----
Fighting       | 6 7 8 9 10 11 12 13 14 | 14.0
Axes           | 3 4 5 7 9 13 15 19 20 | 20.0
Armour         | 6 7 9 10 11 | 11.8
Shields        | 5 7 9 10 11 12 | 12.1

Action                   |  1- 3 |  4- 6 |  7- 9 | 10-12 || total
-------------------------+-------+-------+-------+-------++-------
Melee: War axe           |    11 |    20 |    90 |    13 ||   134
       Headbutt          |     3 |     4 |    17 |     2 ||    26
Throw: Dart              |       |       |       |     2 ||     2
Invok: Berserk           |       |       |     1 |     2 ||     3
       Trog's Hand       |       |       |       |     1 ||     1
  Use: Potion            |     1 |       |     9 |     2 ||    12
       Scroll            |       |       |     7 |       ||     7
Armor: Scale mail        |     3 |     6 |    34 |     2 ||    45
Dodge: Dodged            |     2 |    10 |    26 |     4 ||    42
Block: Buckler           |     3 |     3 |    27 |     3 ||    36

Table legend: (Time is in decaauts)
 A = Elapsed time spent in this place.
 B = Non-inter-level travel time spent in this place.
 C = Inter-level travel time spent in this place.
 D = Time resting spent in this place.
 E = Time spent auto-exploring this place.
 F = Levels seen in this place.
 G = Mean time per level.
                   A        B        C        D        E       F      G
               +--------+--------+--------+--------+--------+-----+--------+
         Total |   1525 |   1525 |      0 |    850 |      0 |   1 | 1525.0 |
       Dungeon |   1525 |   1525 |      0 |    850 |      0 |   1 | 1525.0 |
               +--------+--------+--------+--------+--------+-----+--------+

Top non-repeatable levels by time:
       D: 1525 daAuts
